 Dungeon Crawl Stone Soup version 0.24.0-1-gfbc8707 (webtiles) character file.

Game seed: 15081518847545604224, levelgen mode: deterministic

9302 Illumine the Cleaver (level 11, -1/97 HPs)
             Began as a Deep Dwarf Fighter on Oct 26, 2019.
             Was a Priest of Makhleb.
             Slain by a minotaur
             ... wielding a +0 quarterstaff
              (16 damage)
             ... in a Gauntlet.
             The game lasted 00:19:49 (7278 turns).

Illumine the Cleaver (Deep Dwarf Fighter)           Turns: 7278, Time: 00:19:50

Health: -1/97      AC: 13    Str: 22    XL:     11   Next: 21%
Magic:  8/8        EV: 10    Int: 10    God:    Makhleb [***...]
Gold:   566        SH: 12    Dex: 12    Spells: 10/10 levels left

rFire    . . .     SeeInvis .   w - +2 war axe (flame)
rCold    . . .     Gourm    .   c - +0 shield
rNeg     . . .     Faith    .   z - +0 chain mail {MR+}
rPois    +         Spirit   .   (no helmet)
rElec    .         Reflect  .   d - +1 cloak
rCorr    .         Harm     .   (no gloves)
MR       ++...     NoTele   +   (no boots)
Stlth    ..........             (no amulet)
HPRegen  0.00/turn              m - ring of poison resistance
MPRegen  0.11/turn              (no ring)

@: non-regenerating
A: damage resistance, heal wounds, sense surroundings 2, no regeneration
a: Heal Wounds, Minor Destruction, Lesser Servant of Makhleb, Renounce Religion


You were in a Gauntlet.
You worshipped Makhleb.
Makhleb was most pleased with you.
You were not hungry.

You visited 3 branches of the dungeon, and saw 12 of its levels.
You also visited: Gauntlet.

You collected 566 gold pieces.

Inventory:

Hand Weapons
 a - a +0 battleaxe
 h - the +7 trident "Xigiap" {venom, rF- rN+ Stlth+}
   (You found it on level 7 of the Dungeon)

   It poisons the flesh of those it strikes.
   It makes you vulnerable to fire.
   It protects you from negative energy.
   It makes you more stealthy.
 j - a +2 mace of protection
 w - a +2 war axe of flaming (weapon)
Armour
 c - a +0 shield (worn)
 d - a +1 cloak (worn)
 z - a +0 chain mail of magic resistance (worn)
Jewellery
 m - a ring of poison resistance (left hand)
 y - an uncursed ring of ice
 A - an uncursed ring of wizardry {unknown}
 D - the ring "Veodie" {rF+ rC+ Str+3, unknown}
   (You found it in a Gauntlet)

   [ring of protection from cold]

   It affects your strength (+3).
   It protects you from fire.
   It protects you from cold.
 E - the ring of the Cockroach {Fire MR+, unknown}
   (You found it in a Gauntlet)

   [ring of fire]

   It enhances your fire magic.
   It protects you from fire.
   It makes you vulnerable to cold.
   It affects your resistance to hostile enchantments.
Wands
 q - a wand of flame (18)
 v - a wand of iceblast (29)
 x - a wand of paralysis (13)
Scrolls
 g - 4 scrolls of amnesia
 k - 3 scrolls of remove curse
 l - a scroll of immolation {unknown}
 p - 3 scrolls of fear
 r - a scroll of fog {unknown}
 u - 5 scrolls of teleportation
 B - a scroll of enchant weapon
 C - a scroll of acquirement {unknown}
Potions
 b - 2 potions of brilliance
 e - a potion of haste {unknown}
 i - a potion of curing
 n - 2 potions of invisibility {unknown}
 o - 3 potions of heal wounds
 s - a potion of mutation {unknown}
 t - a potion of agility {unknown}
Comestibles
 f - 16 rations


   Skills:
 + Level 6.0 Fighting
 + Level 10.8(10.9) Axes
 - Level 1.1(5.8) Polearms
 + Level 9.3 Armour
 + Level 6.3 Dodging
 + Level 9.6 Shields
 + Level 4.3 Invocations


You had 10 spell levels left.
You didn't know any spells.
Your spell library contained the following spells:

 Spells                   Type           Power        Failure   Level  Hunger
 Magic Dart               Conj           #...         99%         1    ##.....
 Blink                    Tloc           N/A          100%        2    ###....
 Call Imp                 Summ           #.......     100%        2    ###....
 Slow                     Hex            #.......     100%        2    ###....
 Conjure Flame            Conj/Fire      #.......     100%        3    ####...
 Mephitic Cloud           Conj/Pois/Air  #.......     100%        3    ####...


Dungeon Overview and Level Annotations

Branches:
Dungeon (9/15)             Temple (1/1) D:5            Lair (2/6) D:9
 Shoals (0/4) Lair:2        Snake (0/4) Lair:2      Gauntlet (1/1)
    Orc: D:9-12

Altars:
Ashenzari
Cheibriados
Dithmenos
Elyvilon
Fedhas
Gozag
Hepliaklqana
Kikubaaqudgha
Makhleb
Nemelex Xobeh
Okawaru
Qazlal
Ru
Sif Muna
Trog
Uskayaw
Vehumet
Wu Jian
Xom
Yredelemnul
Zin
The Shining One

Shops:
D:6 *[

Annotations:
Gauntlet 6 transporters, 18 runed translucent doors


Innate Abilities, Weirdness & Mutations

You are resistant to damage.
You can heal yourself by infusing magical energy.
You passively map the area around you.
You do not regenerate.


Message History

You block the minotaur's attack.
You feel much better.
The minotaur hits you with a +0 quarterstaff!!
* * * LOW HITPOINT WARNING * * *
The minotaur gores you.
You feel much better.
The minotaur hits you with a +0 quarterstaff.
You block the minotaur's attack.
You hit the minotaur. You burn the minotaur.
The minotaur is lightly wounded.
The minotaur barely misses you.
The minotaur gores you but does no damage.
A demon appears!
The minotaur hits you with a +0 quarterstaff!!
* * * LOW HITPOINT WARNING * * *
You block the minotaur's attack.
Unknown command.
A demon appears!
The minotaur hits you with a +0 quarterstaff!
You die...

##+### #.⌠..# *
#...⌠+ +3.4.# *
#..H.# #@# *
#######'#######
#.....((......#
#.###.###.###.#
#....(.4......#
###.###.###.###
#####.###.###.####
#≈...............≈#
*
#8..©.©.©.©.©.©..8#
## *


You could see a minotaur, a friendly orange demon and a friendly ynoxinul.

Vanquished Creatures
  A dire elephant (Gauntlet)
  A hydra (Lair:1)
  Maurice (D:8)
  A spiny frog (Lair:2)
  A komodo dragon (Lair:1)
  A queen bee (D:8)
  Grinder (D:3)
  4 blink frogs (Lair:1)
  Sigmund (D:2)
  2 shadows (Gauntlet)
  4 yaks
  3 water moccasins
  Duvessa (D:7)
  An orc warrior (D:7)
  An ice beast (D:5)
  A black bear (D:9)
  3 phantoms
  4 ogres
  3 centaurs
  A big kobold (D:9)
  5 bullfrogs
  A gnoll sergeant (D:6)
  Dowan (D:7)
  2 scorpions (D:4)
  24 killer bees (D:8)
  5 wights (D:8)
  A howler monkey (D:5)
  5 crimson imps
  A centaur zombie (D:6)
  6 hounds
  3 jellies
  3 orc priests
  A bullfrog skeleton (D:6)
  A centaur skeleton (D:6)
  11 orc wizards
  5 iguanas
  Jessica (D:3)
  Ijyb (D:3)
  Terence (D:3)
  7 worker ants
  9 gnolls
  3 adders
  3 shadow imps
  An adder zombie (D:6)
  An adder skeleton (D:7)
  4 worms
  3 dart slugs
  5 leopard geckos
  24 orcs
  2 giant cockroaches
  4 goblins
  9 hobgoblins
  5 jackals
  5 quokkas
  4 ball pythons
  6 bats
  3 frilled lizards
  A jackal skeleton (D:3)
  10 kobolds
  A quokka skeleton (D:5)
  17 rats
241 creatures vanquished.

Vanquished Creatures (others)
  2 plants (Gauntlet)
2 creatures vanquished.

Grand Total: 243 creatures vanquished

Notes
Turn   | Place    | Note
-------+----------+-------------------------------------------
     0 | D:1      | Illumine the Deep Dwarf Fighter began the quest for the
                  | Orb.
     0 | D:1      | Reached XP level 1. HP: 20/20 MP: 1/1
    74 | D:1      | Reached XP level 2. HP: 25/27 MP: 2/2
   111 | D:1      | Reached skill level 3 in Axes
   136 | D:1      | Reached XP level 3. HP: 31/33 MP: 3/3
   708 | D:2      | Found an iron altar of Okawaru.
   809 | D:2      | Found an iron altar of Okawaru.
   914 | D:2      | Noticed Sigmund
   924 | D:2      | Killed Sigmund
   924 | D:2      | Reached skill level 5 in Axes
   924 | D:2      | Reached XP level 4. HP: 14/40 MP: 4/4
   924 | D:2      | Reached XP level 5. HP: 17/46 MP: 5/5
  1216 | D:3      | Noticed Terence
  1237 | D:3      | Killed Terence
  1384 | D:3      | Reached XP level 6. HP: 37/55 MP: 6/6
  1572 | D:3      | Noticed Jessica
  1582 | D:3      | Killed Jessica
  1632 | D:3      | Noticed Grinder
  1651 | D:3      | Paralysed by Grinder for 5 turns
  1665 | D:3      | Killed Grinder
  1665 | D:3      | Reached skill level 6 in Axes
  1665 | D:3      | Reached skill level 5 in Shields
  1742 | D:3      | Noticed Ijyb
  1758 | D:3      | Killed Ijyb
  1758 | D:3      | Reached XP level 7. HP: 31/61 MP: 6/6
  1869 | D:3      | Found an ancient bone altar of Kikubaaqudgha.
  2097 | D:3      | Reached skill level 5 in Armour
  2193 | D:4      | Reached skill level 7 in Axes
  2313 | D:5      | Entered Level 5 of the Dungeon
  2429 | D:5      | Reached XP level 8. HP: 37/68 MP: 4/4
  2514 | D:5      | Reached skill level 8 in Axes
  2889 | D:5      | Found a staircase to the Ecumenical Temple.
  2901 | Temple   | Entered the Ecumenical Temple
  3356 | D:6      | Found a faded altar of an unknown god.
  3356 | D:6      | Found a shadowy altar of Dithmenos.
  3371 | D:6      | Found a bloodstained altar of Trog.
  3373 | D:6      | Found a burning altar of Makhleb.
  3374 | D:6      | Found a faded altar of an unknown god.
  3379 | D:6      | Became a worshipper of Makhleb the Destroyer
  3603 | D:6      | Found Nojyh's Lightly-Used Armoury.
  3648 | D:6      | Reached skill level 9 in Axes
  3648 | D:6      | Reached skill level 1 in Invocations
  3669 | D:6      | Reached skill level 1 in Dodging
  3722 | D:6      | Gained mutation: You passively map the area around you.
                  | [Deep Dwarf growth]
  3722 | D:6      | Reached XP level 9. HP: 24/75 MP: 6/6
  3899 | D:6      | Found Cunli's Armour Emporium.
  4087 | D:7      | Noticed Duvessa
  4089 | D:7      | Noticed Dowan
  4097 | D:7      | Killed Duvessa
  4105 | D:7      | Killed Dowan
  4105 | D:7      | Reached * piety under Makhleb
  4252 | D:7      | Got a crude trident
  4253 | D:7      | Identified the +7 trident "Xigiap" {venom, rF- rN+ Stlth+}
                  | (You found it on level 7 of the Dungeon)
  4492 | D:7      | Reached skill level 1 in Polearms
  4565 | D:7      | Found an ornate altar of the Wu Jian Council.
  4632 | D:7      | Found a sacrificial altar of Ru.
  5362 | D:8      | Noticed a queen bee
  5378 | D:8      | Killed a queen bee
  5447 | D:9      | Reached XP level 10. HP: 64/87 MP: 7/7
  5550 | D:9      | Reached ** piety under Makhleb
  5566 | D:9      | Found a radiant altar of Vehumet.
  5677 | D:9      | Found a staircase to the Lair.
  5677 | D:9      | Noticed a death yak
  5677 | D:9      | Noticed a death yak
  5742 | D:8      | Noticed Maurice
  5758 | D:8      | Killed Maurice
  5758 | D:8      | Reached skill level 10 in Axes
  6042 | D:8      | Reached skill level 5 in Fighting
  6283 | D:8      | Reached skill level 5 in Dodging
  6396 | D:9      | Reached *** piety under Makhleb
  6537 | Lair:1   | Entered Level 1 of the Lair of Beasts
  6716 | Lair:1   | Noticed a six-headed hydra
  6733 | Lair:1   | Killed a one-headed hydra
  6863 | Lair:1   | Reached XP level 11. HP: 25/97 MP: 8/8
  6877 | Lair:1   | You fall into a shaft and drop 1 floor!
  6972 | Lair:2   | Found a gate leading to a gauntlet.
  6983 | Gauntlet | Entered a Gauntlet
  6983 | Gauntlet | Found a transporter.
  6993 | Gauntlet | Found a transporter.
  6995 | Gauntlet | Found a transporter.
  7002 | Gauntlet | Found a transporter.
  7003 | Gauntlet | Found the +7 captain's cutlass {speed, disarm}
  7047 | Gauntlet | Found a transporter.
  7049 | Gauntlet | Found a transporter.
  7066 | Gauntlet | Found a transporter.
  7080 | Gauntlet | Found a transporter.
  7084 | Gauntlet | Found a large runed translucent door.
  7084 | Gauntlet | Found a large runed translucent door.
  7086 | Gauntlet | Found a large runed translucent door.
  7086 | Gauntlet | Found a large runed translucent door.
  7086 | Gauntlet | Found a large runed translucent door.
  7087 | Gauntlet | Found a runed translucent door.
  7088 | Gauntlet | Found a transporter.
  7122 | Gauntlet | Found a transporter.
  7188 | Gauntlet | Found a large runed translucent door.
  7189 | Gauntlet | Found a large runed translucent door.
  7190 | Gauntlet | Found a large runed translucent door.
  7193 | Gauntlet | Found a runed translucent door.
  7194 | Gauntlet | Found a large runed translucent door.
  7194 | Gauntlet | Found a large runed translucent door.
  7194 | Gauntlet | Found a large runed translucent door.
  7194 | Gauntlet | Found a large runed translucent door.
  7195 | Gauntlet | Found a large runed translucent door.
  7195 | Gauntlet | Found a large runed translucent door.
  7196 | Gauntlet | Found a large runed translucent door.
  7196 | Gauntlet | Found a large runed translucent door.
  7224 | Gauntlet | Noticed a dire elephant
  7224 | Gauntlet | Found a transporter.
  7235 | Gauntlet | Got a flickering tin ring
  7237 | Gauntlet | Got a coiled pewter ring
  7238 | Gauntlet | Found a transporter.
  7253 | Gauntlet | Killed a dire elephant
  7270 | Gauntlet | Noticed a minotaur
  7278 | Gauntlet | Slain by a minotaur

Levels and vault maps discovered:
D:1:      mrwooster_arrival_statue_3, layout_basic, minmay_rat_gold_closets
D:2:      layout_basic, lemuel_doored_altar, okawaru_gym_becter, uniq_sigmund
D:3:      layout_basic, lemuel_coloured_pillars_altar, minmay_close_crescents,
          uniq_ijyb, uniq_grinder, uniq_jessica, uniq_terence
D:4:      layout_gridville, st_stairs_8
D:5:      layout_basic, minmay_temple_entry_fiery, first_ration
D:6:      layout_basic, chequers_temple_overflow_minitemple, serial_shops,
          kennysheep_mini, minmay_misc_feat_hallway, st_stairs_11,
          minmay_shop_damaged
D:7:      layout_layer_cave, old_standard_altar, nicolae_ru_path_of_blood,
          uniq_duvessa
D:8:      layout_rooms, david_nohive_1, solitary_fountain, uniq_maurice
D:9:      layout_basic, fiery_altar_vehumet, dpeg_lair_monsters,
          kennysheep_generic_room_16
Temple:   jpeg_temple_clearing
Lair:1:   layout_gridlike, serial_bayou_shore_b
Lair:2:   layout_cave_pods, elwin_shoals_entry_stream, dummy_snake_entry,
          gauntlet_entry_generic, wad_woods_02, lemuel_fruit_fields,
          serial_bayou_shore_b, uniq_harold, uniq_erica
Gauntlet: gammafunk_gauntlet_one_two_three [gammafunk_gauntlet_arena_crates,
          gammafunk_gauntlet_arena_mazey, gammafunk_gauntlet_arena_teeth,
          nicolae_gauntlet_arena_x, gammafunk_gauntlet_arena_corners,
          nicolae_gauntlet_arena_grate_2, gammafunk_gauntlet_arena_grid,
          gammafunk_gauntlet_arena_hedges,
          minmay_gauntlet_arena_make_your_own_arena, gauntlet_exit_hidden_loot]

Skill      XL: |  1  2  3  4  5  6  7  8  9 10 11 |
---------------+----------------------------------+-----
Axes           | 3 5 6 7 9 10 | 10.8
Shields        | 4 5 6 7 8 9 |  9.6
Armour         | 4 5 6 7 9 |  9.3
Invocations    | 2 4 |  4.3
Dodging        | 1 4 6 |  6.3
Fighting       | 3 4 5 6 |  6.0
Polearms       | 1 |  1.1

Action                   |  1- 3 |  4- 6 |  7- 9 | 10-12 || total
-------------------------+-------+-------+-------+-------++-------
Melee: War axe           |   110 |   124 |   420 |   256 ||   910
       Trident           |       |       |    40 |       ||    40
Invok: Lesser Servant of |       |       |       |     4 ||     4
 Abil: Heal Wounds       |       |     3 |    18 |     6 ||    27
Evoke: Wand              |       |       |       |     5 ||     5
  Use: Potion            |     1 |     1 |     4 |       ||     6
       Scroll            |       |       |    13 |     3 ||    16
  Eat: Chunk             |       |     3 |    10 |     1 ||    14
       Ration            |       |       |     1 |     2 ||     3
Armor: Scale mail        |    35 |     2 |       |       ||    37
       Chain mail        |       |    48 |   207 |   122 ||   377
       Skin              |       |       |     9 |       ||     9
Dodge: Dodged            |    32 |    23 |   136 |    86 ||   277
Block: Shield            |    50 |    69 |   296 |   166 ||   581
